 Dungeon Crawl Stone Soup version 0.25.1-2-g60ff931df9 (webtiles) character file.

Game seed: 11940140688191924821

779 Delamore the Cudgeler (level 7, -7/44 HPs)
             Began as a Gargoyle Fighter on Aug 31, 2020.
             Was a Follower of Okawaru.
             Mangled by an orc warrior
             ... wielding a +0 dire flail
              (16 damage)
             ... on level 6 of the Dungeon.
             The game lasted 00:04:05 (5907 turns).

Delamore the Cudgeler (Gargoyle Fighter)            Turns: 5907, Time: 00:04:05

Health: -7/44      AC: 14    Str: 22    XL:     7   Next: 85%
Magic:  7/7        EV:  6    Int: 14    God:    Okawaru [*.....]
Gold:   298        SH:  0    Dex:  9    Spells: 6/6 levels left

rFire    . . .     SeeInvis +   a - +0 flail
rCold    . . .     Gourm    .   c - +0 kite shield
rNeg     + . .     Faith    .   i - +0 chain mail
rPois    ∞         Spirit   .   (no helmet)
rElec    +         Reflect  .   (no cloak)
rCorr    .         Harm     .   (no gloves)
MR       .....                  (no boots)
Stlth    ..........             (no amulet)
HPRegen  0.14/turn              k - +6 ring of intelligence
MPRegen  0.10/turn              t - ring of see invisible

@: confused, mighty
A: negative energy resistance 1, electricity resistance, unbreathing,
petrification resistance, rot immunity, AC +4
a: Heroism, Renounce Religion


You were on level 6 of the Dungeon.
You worshipped Okawaru.
Okawaru was aware of your devotion.
You were hungry.

You visited 1 branch of the dungeon, and saw 6 of its levels.

You collected 298 gold pieces.

Inventory:

Hand Weapons
 a - a +0 flail (weapon)
Armour
 b - a +0 scale mail
 c - a +0 kite shield (worn)
 i - a +0 chain mail (worn)
Jewellery
 k - a +6 ring of intelligence (left hand)
 m - an uncursed ring of fire
 s - an uncursed ring of fire
 t - a ring of see invisible (right hand)
Wands
 D - a wand of random effects (23)
Scrolls
 e - 9 scrolls of identify {unknown}
 j - 2 scrolls of fear {unknown}
 n - 2 scrolls of amnesia {unknown}
 q - 3 scrolls of remove curse {unknown}
 v - a scroll of fog {unknown}
 w - a scroll of enchant weapon {unknown}
 x - a scroll of blinking {unknown}
 y - a scroll of teleportation {unknown}
 z - a scroll of magic mapping {unknown}
 C - 2 scrolls of enchant armour {unknown}
Potions
 g - a potion of lignification {unknown}
 h - a potion of heal wounds {unknown}
 l - 2 potions of berserk rage {unknown}
 o - a potion of resistance {unknown}
 p - 3 potions of brilliance {unknown}
 r - 4 potions of curing {unknown}
 u - a potion of mutation {unknown}
 A - a potion of flight {unknown}
 B - a potion of degeneration {unknown}
Comestibles
 f - 15 rations


   Skills:
 - Level 5.0 Fighting
 + Level 6.3 Maces & Flails
 - Level 5.0 Armour
 - Level 5.0 Shields


You had 6 spell levels left.
You didn't know any spells.
Your spell library was empty.

Dungeon Overview and Level Annotations

Branches:
Dungeon (6/15)             Temple (0/1) D:5

Altars:
Dithmenos
Fedhas
Okawaru
Sif Muna


Innate Abilities, Weirdness & Mutations

You are resistant to torment.
Your stone body is resilient. (AC +4)
You are immune to poison.
You resist negative energy. (rN+)
You are resistant to electric shocks. (rElec)
You can survive without breathing.
You are immune to petrification.
You are immune to rotting.


Message History

* * * LOW HITPOINT WARNING * * *
The orc wizard casts a spell at you.
You are confused.
The worker ant bites you.
* * * LOW HITPOINT WARNING * * *
You feel very mighty all of a sudden. The orc hits you but does no damage.
The orc wizard completely misses you. The orc warrior barely misses you.
The worker ant bites you but does no damage.
You closely miss the orc. The orc hits you but does no damage.
The orc wizard hits you but does no damage.
The worker ant closely misses you.
The orc warrior hits you but does no damage.
You hit the orc warrior.
The orc warrior is heavily wounded.
The orc hits you but does no damage.
The worker ant bites you but does no damage.
The orc wizard hits you but does no damage.
The orc warrior hits you with a +0 dire flail!
You die...

#.# #.#
#.#
###.#
...# ..#
#
#o##.###
#@oo...#
#ao..###
#o$..#
#....#
.....#
##...#
...#
#..# ..#


You could see an orc warrior, a worker ant, an orc priest, an orc wizard
(invisible) and 2 orcs.

Vanquished Creatures
  An ogre (D:5)
  A centaur (D:5)
  2 scorpions
  2 hounds
  An orc priest (D:5)
  A jelly (D:5)
  An orc wizard (D:5)
  Jessica (D:2)
  A worker ant (D:4)
  A hound skeleton (D:4)
  4 gnolls
  12 adders
  3 oozes
  An adder zombie (D:3)
  2 worms (D:2)
  5 dart slugs
  3 leopard geckos
  10 orcs
  3 giant cockroaches
  12 goblins
  10 hobgoblins
  16 jackals
  3 quokkas
  A ball python (D:3)
  9 bats
  10 frilled lizards
  2 jackal skeletons
  4 kobolds
  A quokka skeleton (D:5)
  15 rats
138 creatures vanquished.

Notes
Turn   | Place    | Note
-------+----------+-------------------------------------------
     0 | D:1      | Delamore the Gargoyle Fighter began the quest for the Orb.
     0 | D:1      | Reached XP level 1. HP: 14/14 MP: 1/1
   245 | D:1      | Reached XP level 2. HP: 19/19 MP: 2/2
   430 | D:1      | Reached XP level 3. HP: 23/23 MP: 3/3
  1213 | D:2      | Reached XP level 4. HP: 25/29 MP: 4/4
  1848 | D:2      | Reached skill level 3 in Maces & Flails
  1848 | D:2      | Reached XP level 5. HP: 31/33 MP: 5/5
  2016 | D:2      | Found a shimmering blue altar of Sif Muna.
  2021 | D:2      | Noticed Jessica
  2043 | D:2      | Killed Jessica
  2568 | D:2      | Found an iron altar of Okawaru.
  2577 | D:2      | Reached XP level 6. HP: 37/39 MP: 6/6
  2600 | D:2      | Became a worshipper of Warmaster Okawaru
  3077 | D:3      | Found a shadowy altar of Dithmenos.
  3205 | D:3      | Found a blossoming altar of Fedhas.
  3992 | D:4      | Reached skill level 5 in Fighting
  3992 | D:4      | Reached skill level 5 in Armour
  4196 | D:4      | Reached skill level 4 in Maces & Flails
  4196 | D:4      | Reached skill level 5 in Shields
  4196 | D:4      | Reached XP level 7. HP: 44/44 MP: 7/7
  4431 | D:5      | Entered Level 5 of the Dungeon
  4580 | D:5      | Reached * piety under Okawaru
  4731 | D:5      | Reached skill level 5 in Maces & Flails
  4841 | D:5      | Found a staircase to the Ecumenical Temple.
  5748 | D:5      | Reached skill level 6 in Maces & Flails
  5907 | D:6      | Mangled by an orc warrior

Illustrated notes

Levels and vault maps discovered:
D:1:      mainiacjoe_arrival_reflecting_pool, layout_basic
D:2:      kb_forest_paths, layout_basic, lemuel_crystal_altar,
          okawaru_altar_gauntlet_db, uniq_jessica
D:3:      minmay_angry_zag, layout_basic, old_standard_altar,
          grunt_dithmenos_smoke_and_mirrors
D:4:      layout_loops_ring, first_ration
D:5:      layout_basic, minmay_temple_entry_junction, kennysheep_generic_room_11
D:6:      layout_basic, elyvilon_altar_5, hex_intersection, uniq_sigmund,
          uniq_eustachio

Skill      XL: |  1  2  3  4  5  6  7 |
---------------+----------------------+-----
Fighting       | 4 5 |  5.0
Armour         | 4 5 |  5.0
Shields        | 4 5 |  5.0
Maces & Flails | 3 4 6 |  6.3

Action                   |  1- 3 |  4- 6 |  7- 9 || total
-------------------------+-------+-------+-------++-------
Melee: Flail             |   165 |   424 |   131 ||   720
  Use: Potion            |       |       |     1 ||     1
  Eat: Chunk             |     1 |    11 |     5 ||    17
Armor: Scale mail        |    16 |       |       ||    16
       Chain mail        |   141 |   376 |   145 ||   662
Dodge: Dodged            |    53 |   116 |    61 ||   230
Block: Kite shield       |   124 |   294 |   123 ||   541
